 Dungeon Crawl Stone Soup version 0.32-a0-999-gfa1cc04b1d (webtiles) character file.

Game seed: 10136205134409702526

1474 DrKenneth the Shield-Bearer (level 8, -4/73 HPs)
             Began as a Minotaur Fighter on Apr 25, 2024.
             Was an Initiate of Makhleb.
             Slain by a yak (13 damage)
             ... while paralysed by Pikel
             ... on level 6 of the Dungeon.
             The game lasted 00:12:05 (4692 turns).

DrKenneth the Shield-Bearer (Minotaur Fighter)      Turns: 4692, Time: 00:12:05

Health: -4/73      AC: 14    Str: 24    XL:     8   Next: 49%
Magic:  7/7        EV:  2    Int:  5    God:    Makhleb [......]
Gold:   244        SH:  0    Dex:  9    Spells: 7/7 levels left

rFire   . . .        a - +1 war axe
rCold   . . .        c - +0 buckler
rNeg    . . .        b - +0 scale mail
rPois   +            (helmet restricted)
rElec   .            n - +2 cloak {rPois}
rCorr   .            f - +2 pair of gloves
SInv    .            (no boots)
Will    .....        (no amulet) Stlth
                     p - ring of poison resistance
HPRegen 0.32/turn    (no ring)
MPRegen 0.10/turn

%: no passive effects
@: paralysed, mighty, about to teleport
A: horns 2, retaliatory headbutt
a: Renounce Religion


You were on level 6 of the Dungeon.
You worshipped Makhleb.
Makhleb was noncommittal.
You visited 1 branch of the dungeon, and saw 6 of its levels.
You also visited: Sewer.

You collected 244 gold pieces.

Inventory:

Hand Weapons
 a - a +1 war axe (weapon)
Armour
 b - a +0 scale mail (worn)
 c - a +0 buckler (worn)
 f - a +2 pair of gloves (worn)
 n - a +2 cloak of poison resistance (worn)
Jewellery
 p - a ring of poison resistance (left hand)
Wands
 s - a wand of paralysis (5)
Scrolls
 j - a scroll of fog
 q - a scroll of noise {unknown}
 r - a scroll of revelation
 x - a scroll of blinking {unknown}
Potions
 d - a potion of might
 e - 3 potions of curing {unknown}
 g - a potion of mutation {unknown}
 h - a potion of berserk rage {unknown}
 i - 2 potions of heal wounds {unknown}
 k - a potion of attraction {unknown}
 l - a potion of degeneration {unknown}
 m - 4 potions of enlightenment {unknown}
 o - a potion of resistance {unknown}
 t - a potion of haste {unknown}
 u - a potion of invisibility {unknown}
 v - a potion of cancellation {unknown}
 w - a potion of brilliance {unknown}


   Skills:
 + Level 7.3 Fighting
 + Level 6.7 Axes
 + Level 7.3 Armour
 + Level 7.3 Shields


You had 7 spell levels left.
You didn't know any spells.
Your spell library contained the following spells:

 Spells                   Type           Power      Damage    Failure   Level
 Call Imp                 Summ           0%         N/A       91%         2
 Sublimation of Blood     Necr           0%         N/A       91%         2
 Summon Hydra             Summ           0%         N/A       100%        7


Dungeon Overview and Level Annotations

Branches:
Dungeon (6/15)             Temple (0/1) D:6           Sewer (visited)

Altars:
Makhleb
Nemelex Xobeh
Vehumet

Annotations:
D:6 Pikel


Innate Abilities, Weirdness & Mutations

You have a pair of horns on your head.
You reflexively headbutt those who attack you in melee.


Message History

Makhleb accepts your kill. You block the yak's attack. The lemure misses you.
You furiously retaliate!
You headbutt the lemure!
You kill the lemure!
That felt strangely unrewarding.
Your Fighting skill increases to level 7!
Your Armour skill increases to level 7!
Your Shields skill increases to level 7!
You slice the lemure!! Your headbutt misses the lemure.
The lemure is severely wounded.
You hit the yak. You slash the yak! The yak gores you!
* * * LOW HITPOINT WARNING * * *
The yak gores you but does no damage. The lemure closely misses you.
Pikel says, "You'll feel the lick of my whip!"
You closely miss the lemure. You headbutt the lemure.
The lemure is severely wounded.
You slash the yak! You hit the yak but do no damage.
You block the yak's attack. The yak closely misses you.
The lemure closely misses you.
You barely miss the lemure. You headbutt the lemure.
The lemure is almost dead.
You closely miss the yak. You barely miss the yak. The yak barely misses you.
You furiously retaliate!
You headbutt the yak!
You kill the yak!
Makhleb accepts your kill. You block the lemure's attack.
The yak barely misses you.
You slice the lemure!!
You kill the lemure!
That felt strangely unrewarding.
You barely miss the lemure. You completely miss the yak.
The yak closely misses you. The lemure closely misses you.
You furiously retaliate!
You headbutt the lemure!! The yak gores you!
* * * LOW HITPOINT WARNING * * *
The lemure hits you but does no damage. Pikel hits you but does no damage.
As you read the scroll of teleportation, it crumbles to dust.
You feel strangely unstable. The yak barely misses you.
You block the lemure's attack.
Pikel zaps a wand.
You suddenly lose the ability to move!
The yak gores you!
You die...

*,,,,,*,,*.##.#...........#,*
*,,,,,**......#####.#######.****
**,,,,,**#...................,,,,
,,,,,,,,,...#....##.########.****
,,,,,,,,,,,.......>.#### *,,,****
*******ß,,,,...##......# *,*,,,,,
ß,,,,,*,,..###'##......# *,*,****
,,**,,*,,......5#......# *,*,*
,,ß*,,*,,......K@......# *,*,*
,,**,,*,,##....Y#......# *,*,*
,,,,*,*,,*#######......# *,*,*
,,,,*,+,,*******##.##### *,*,****
_,ß,*,+,,,,,,,,,,..# *,*,**,*
,,,,*,+,,,,,*****### *,*,**,*
,,,,*,*,,,,,* *,*,**,*
,,**,,*,,,,,**************,*,,,,,
,,ß*,,*,,****,,,,,,,,,,,,,,,,,,,*


You could see Pikel, a yak and a lemure.

Vanquished Creatures
  4 yaks (D:6)
  Pargi (Sewer)
  A black bear (D:4)
  3 lemures (D:6)
  A phantom (D:4)
  2 brain worms (Sewer)
  A scorpion (D:5)
  A burial acolyte (D:6)
  2 jellies
  A hound (D:5)
  Terence (D:2)
  An orc wizard (D:4)
  4 gnolls (D:5)
  9 adders
  4 dart slugs
  4 ribbon worms
  13 orcs
  20 ball pythons
  2 bats (D:3)
  7 endoplasms
  6 giant cockroaches
  5 goblins
  8 hobgoblins
  8 jackals
  3 kobolds
  3 quokkas
  3 frilled lizards
  3 jackal zombies (D:6)
  9 rats
130 creatures vanquished.

Notes
Turn   | Place    | Note
-------+----------+-------------------------------------------
     0 | D:1      | DrKenneth the Minotaur Fighter began the quest for the Orb.
     0 | D:1      | Reached XP level 1. HP: 19/19 MP: 0/0
     1 | D:1      | Found a runed translucent door.
   372 | D:1      | Reached XP level 2. HP: 27/27 MP: 1/1
   590 | D:1      | Reached XP level 3. HP: 31/33 MP: 2/2
   787 | D:2      | Noticed Terence
   795 | D:2      | Killed Terence
   796 | D:2      | Reached XP level 4. HP: 41/41 MP: 3/3
   838 | D:2      | Found a faded altar of an unknown god.
  1188 | D:2      | Found a radiant altar of Vehumet.
  1795 | D:3      | Reached XP level 5. HP: 47/47 MP: 4/4
  2355 | D:4      | Noticed a black bear
  2357 | D:4      | Noticed a phantom
  2361 | D:4      | Killed a black bear
  2362 | D:4      | Reached skill level 5 in Fighting
  2362 | D:4      | Reached skill level 5 in Armour
  2362 | D:4      | Reached skill level 5 in Shields
  2372 | D:4      | Killed a phantom
  2373 | D:4      | Reached XP level 6. HP: 30/56 MP: 5/5
  2387 | D:4      | Found a glowing drain.
  2399 | Sewer    | Entered a sewer
  2505 | Sewer    | Noticed Pargi
  2513 | Sewer    | Killed Pargi
  2514 | Sewer    | Reached skill level 5 in Axes
  2514 | Sewer    | Reached XP level 7. HP: 30/62 MP: 4/6
  3436 | D:5      | Entered Level 5 of the Dungeon
  3436 | D:5      | Found a radiant altar of Vehumet.
  3511 | D:5      | Identified a scroll of acquirement
  3511 | D:5      | Acquired a +2 cloak of poison resistance
  3644 | D:5      | Found a burning altar of Makhleb.
  3678 | D:5      | Became a worshipper of Makhleb the Destroyer
  4099 | D:5      | Found a sparkling altar of Nemelex Xobeh.
  4673 | D:6      | Noticed a yak
  4673 | D:6      | Noticed a yak
  4673 | D:6      | Noticed a yak
  4673 | D:6      | Noticed a yak
  4674 | D:6      | Noticed a yak
  4677 | D:6      | Noticed Pikel
  4681 | D:6      | Killed a yak
  4682 | D:6      | Reached XP level 8. HP: 38/71 MP: 7/7
  4691 | D:6      | Paralysed by Pikel for 4 turns
  4692 | D:6      | Slain by a yak

Illustrated notes

Levels and vault maps discovered:
D:1:      dpeg_arrival_caged_fury, layout_loops_ring, corexii_corridor_pit
D:2:      layout_basic, basic_altar, nicolae_ecumenical_snake_handling,
          uniq_terence
D:3:      layout_loops_ring, minmay_shallow_snake_nest
D:4:      layout_loops_ring, portal_sewer_entry_f, minmay_misc_feat_four_crosses
D:5:      layout_gridville, mainiacjoe_overflow_surrounded_room,
          mainiacjoe_overflow_brackets, fiery_altar_vehumet
D:6:      layout_basic, lemuel_zombie_altar_kikubaaqudgha,
          minmay_temple_entry_hall, biasface_ghost_orc_armoury, uniq_pikel,
          uniq_blork_the_orc

Skill      XL: |  1  2  3  4  5  6  7  8 |
---------------+-------------------------+-----
Armour         | 4 5 6 7 |  7.3
Fighting       | 4 5 6 7 |  7.3
Shields        | 4 5 6 7 |  7.3
Axes           | 3 4 5 6 |  6.7

Action                     |  1- 3 |  4- 6 |  7- 9 || total
---------------------------+-------+-------+-------++-------
  Melee: War axe           |    75 |   114 |    91 ||   280
         Headbutt          |     7 |    14 |    16 ||    37
    Use: Scroll            |       |     2 |     6 ||     8
         Potion            |       |       |     1 ||     1
 Armour: Scale mail        |    52 |   100 |    80 ||   232
  Dodge: Dodged            |    32 |    50 |    58 ||   140
  Block: Buckler           |    16 |    18 |    33 ||    67

Table legend: (Time is in decaauts)
 A = Elapsed time spent in this place.
 B = Non-inter-level travel time spent in this place.
 C = Inter-level travel time spent in this place.
 D = Time resting spent in this place.
 E = Time spent auto-exploring this place.
 F = Levels seen in this place.
 G = Mean time per level.
                   A        B        C        D        E       F      G
               +--------+--------+--------+--------+--------+-----+--------+
         Total |   4817 |   4390 |    427 |    342 |   3231 |   7 |  688.1 |
       Dungeon |   4406 |   3979 |    427 |    147 |   3158 |   6 |  734.3 |
         Sewer |    411 |    411 |      0 |    195 |     72 |   1 |  411.0 |
               +--------+--------+--------+--------+--------+-----+--------+

Top non-repeatable levels by time:
     D:2: 1043 daAuts
     D:5: 1040 daAuts
     D:4: 768 daAuts
     D:3: 709 daAuts
     D:1: 613 daAuts
   Sewer: 411 daAuts
     D:6: 230 daAuts
